 Dungeon Crawl Stone Soup version 0.23-a0-417-gf02c810438 (webtiles) character file.

113 LostNumber the Caller (level 4, -3/30 HPs)
             Began as a Mummy Summoner on Nov 10, 2018.
             Was an Initiate of Ashenzari.
             Slain by an orc
             ... wielding a +0 war axe
              (12 damage)
             ... on level 3 of the Dungeon.
             The game lasted 00:08:59 (2902 turns).

LostNumber the Caller (Mummy Summoner)              Turns: 2902, Time: 00:09:00

Health: -3/30      AC:  2    Str: 11    XL:     4   Next: 65%
Magic:  15/19      EV: 12    Int: 15    God:    Ashenzari [......]
Gold:   148        SH:  0    Dex: 12    Spells: 1/11 levels left

rFire    x . .     SeeInvis .   c - +0 short sword
rCold    + . .     Gourm    .   (no shield)
rNeg     + + +     Faith    .   a - +0 robe
rPois    ∞         Spirit   .   (no helmet)
rElec    .         Reflect  .   (no cloak)
rCorr    .         Harm     .   (no gloves)
MR       .....                  (no boots)
Stlth    ++........             (no amulet)
HPRegen  0.10/turn              d - ring of magical power (curse)
MPRegen  0.16/turn              i - ring of positive energy

@: no status effects
A: no food or potions, fire vulnerability, cold resistance 1, negative energy
resistance 3, torment resistance, unbreathing
a: Curse Item, Renounce Religion


You were on level 3 of the Dungeon.
You worshipped Ashenzari.
Ashenzari was noncommittal.
You were not hungry.

You visited 1 branch of the dungeon, and saw 3 of its levels.

You collected 148 gold pieces.

Inventory:

Hand Weapons
 b - a +0 club
 c - a +0 short sword (weapon)
 j - a +1 mace of holy wrath
Armour
 a - a +0 robe (worn)
 k - a +0 leather armour
Jewellery
 d - a cursed ring of magical power (left hand)
 i - a ring of positive energy (right hand)
Scrolls
 e - a scroll of fear {unknown}
 f - 2 scrolls of identify {unknown}
 g - a scroll of magic mapping {unknown}
 h - a scroll of fog {unknown}
 l - a scroll of amnesia {unknown}
 m - 2 scrolls of remove curse
 n - a scroll of teleportation {unknown}


   Skills:
 - Level 1.5 Dodging
 - Level 1.5 Stealth
 + Level 4.0 Spellcasting
 * Level 4.5 Summonings


You had one spell level left.
You knew the following spells:

 Your Spells              Type           Power        Failure   Level  Hunger
a - Summon Small Mammal   Summ           ###.         2%          1    N/A
b - Call Imp              Summ           ###.....     4%          2    N/A
c - Call Canine Familiar  Summ           ###.....     9%          3    N/A
d - Summon Ice Beast      Ice/Summ       #.......     56%         4    N/A

Your spell library contained the following spells:

 Spells                   Type           Power        Failure   Level  Hunger
 Summon Guardian Golem    Hex/Summ       #.......     22%         3    N/A
 Summon Lightning Spire   Summ/Air       #.......     56%         4    N/A

Dungeon Overview and Level Annotations

Branches:
Dungeon (3/15)

Altars:
Ashenzari


Innate Abilities, Weirdness & Mutations

You do not eat or drink.
Your flesh is vulnerable to fire.
You are immune to poison.
Your flesh is cold resistant. (rC+)
You are immune to negative energy. (rN+++)
You are immune to unholy pain and torment.
You can survive without breathing.


Message History

The orc priest is lightly wounded.
Your hound bites the orc.
The orc barely misses your hound. The orc completely misses you.
The orc hits your hound with a +0 hand axe.
The orc hits your hound. The orc priest closely misses you.
Your crimson imp barely misses the orc priest.
You hit the orc priest.
The orc priest is heavily wounded.
Your hound bites the orc.
The orc hits your hound.
Your hound dies!
Your hound's corpse disappears in a puff of smoke!
The orc priest hits you with a +0 dagger.
The orc hits you but does no damage.
Your crimson imp hits the orc priest.
Casting: Call Imp (safe; 4% risk of failure)
Confirm with . or Enter, or press ? or * to list all spells.
The orc priest closely misses you. The orc hits you with a +0 hand axe!
* * * LOW HITPOINT WARNING * * *
The orc misses your hound.
Your crimson imp misses the orc priest.
The orc hits you with a +0 war axe!
You die...

##.# #.#. ..# #.#
#......## #.#
#.#.#... #.##
#...#..# #..#
#......# ##.#
#.#...#..# #.##
#.#...#o.#####
#..#
#....5oooh...#
##.#
#.#...#@######
#####.###.....#.#
#............##.#
#.............#.#
#..........##...#
#......†...##.###
#........>....#
#..........##.#
#########.....#


You could see an orc priest, 3 orcs, a friendly hound and a friendly crimson
imp.

Vanquished Creatures
  An adder (D:3)
  An ooze (D:2)
  A worm (D:2)
  A dart slug (D:3)
  A leopard gecko (D:2)
  3 bats
  A giant cockroach (D:1)
  2 goblins
  6 hobgoblins
  2 kobolds
  A quokka (D:3)
  A ball python (D:1)
  A frilled lizard (D:3)
  3 rats
  A plant (D:2)
26 creatures vanquished.

Vanquished Creatures (collateral kills)
  3 gnolls (D:2)
  4 adders
  A shadow imp (D:3)
  A worm (D:2)
  A leopard gecko (D:3)
  6 orcs (D:3)
  2 bats
  4 goblins
  2 hobgoblins
  5 jackals
  A quokka (D:2)
  2 frilled lizards
  3 kobolds
  A rat (D:1)
36 creatures vanquished.

Grand Total: 62 creatures vanquished

Notes
Turn   | Place    | Note
-------+----------+-------------------------------------------
     0 | D:1      | LostNumber the Mummy Summoner began the quest for the Orb.
     0 | D:1      | Reached XP level 1. HP: 13/13 MP: 4/4
   313 | D:1      | Reached XP level 2. HP: 19/19 MP: 1/6
   553 | D:1      | Learned a level 2 spell: Call Imp
  1072 | D:2      | Found a shattered altar of Ashenzari.
  1181 | D:2      | Reached XP level 3. HP: 11/24 MP: 7/7
  1327 | D:2      | Learned a level 3 spell: Call Canine Familiar
  1334 | D:2      | Became a worshipper of Ashenzari the Shackled
  2020 | D:2      | Reached XP level 4. HP: 26/30 MP: 9/9
  2046 | D:2      | Learned a level 4 spell: Summon Ice Beast
  2902 | D:3      | Slain by an orc

Vault maps used:
D:1:      ebering_hopf_link, hangedman_decor_points, kennysheep_doodads
D:2:      wad_lake_hut, lemuel_doored_altar
D:3:      cheibrodos_old_hovel

Skill      XL: |  1  2  3  4 |
---------------+-------------+-----
Spellcasting   | 3 4 |  4.0
Summonings     | 4 |  4.5
Dodging        | |  1.5
Stealth        | |  1.5

Action                   |  1- 3 |  4- 6 || total
-------------------------+-------+-------++-------
Melee: Short sword       |    59 |   159 ||   218
       Unarmed           |     5 |       ||     5
       Club              |     4 |       ||     4
 Cast: Summon Small Mamm |     8 |       ||     8
       Call Imp          |    18 |     4 ||    22
       Call Canine Famil |     7 |     7 ||    14
Invok: Curse Item        |     1 |       ||     1
 Stab: Sleeping          |       |     1 ||     1
Armor: Robe              |    15 |    12 ||    27
Dodge: Dodged            |    57 |    32 ||    89

Table legend:
 A = Non-vault XP
 B = Vault XP
 C = Vault XP percentage of total XP
 D = Non-vault monster count
 E = Vault monster count
 F = Vault count percentage of total count
                 A         B        C        D         E       F
            +---------+---------+-------+---------+---------+-------
      Total |     161 |       1 |   0.6 |      60 |       1 |   1.6
            +---------+---------+-------+---------+---------+-------
        D:1 |      19 |       0 |   0.0 |      12 |       0 |   0.0
        D:2 |      86 |       0 |   0.0 |      27 |       0 |   0.0
        D:3 |      56 |       1 |   1.8 |      21 |       1 |   4.5
            +---------+---------+-------+---------+---------+-------
